 Dungeon Crawl Stone Soup version 0.31.0-11-ge490571c62 (webtiles) character file.

Game seed: 14060179911298078594

37588 Silvore the Carver (level 13, 0/103 HPs)
             Began as a Demonspawn Fighter on Feb 10, 2024.
             Was the Champion of Okawaru.
             Slain by a spriggan rider
             ... wielding a +0 hand axe
              (5 damage)
             ... on level 2 of the Swamp.
             The game lasted 00:30:12 (15768 turns).

Silvore the Carver (Demonspawn Fighter)            Turns: 15768, Time: 00:30:14

Health: 0/103      AC: 38    Str: 27    XL:     13   Next: 59%
Magic:  0/13       EV: 10    Int:  9    God:    Okawaru [******]
Gold:   804        SH: 20    Dex:  9    Spells: 12/12 levels left

rFire   . . .        w - +4 demon blade (flame)
rCold   . . .        W - +0 kite shield
rNeg    . . .        T - +7 plate armour of Apathy {Harm +Inv rElec Dex-4}
rPois   +            t - +0 helmet
rElec   +            u - +2 cloak {rCorr}
rCorr   +            h - +1 pair of gloves
SInv    +            k - +2 pair of boots {Stlth+}
Will    .....        v - brooch of Shielding {Spirit SH+8} Stlth
                     H - +6 ring of strength
HPRegen 0.37/turn    r - ring of see invisible
MPRegen 0.26/turn

%: harm (+30% outgoing, +20% incoming), guardian spirit
@: about to teleport, heroic, hasted, slow
A: slimy green scales 3, ignite blood 1, magic shield, magic regeneration, magic
link, weakness stinger 1
a: Renounce Religion, Evoke Invisibility, Heroism, Finesse, Duel


You were on level 2 of the Swamp.
You worshipped Okawaru.
Okawaru was exalted by your worship.
You visited 5 branches of the dungeon, and saw 16 of its levels.
You also visited: Sewer and Bailey.

You collected 804 gold pieces.

Inventory:

Hand Weapons
 a - a +1 long sword of venom
 w - a +4 demon blade of flaming (weapon)
 y - a +1 vampiric double sword
Missiles
 m - a throwing net
 M - 3 silver javelins (quivered)
Armour
 b - a +0 scale mail
 c - a +0 buckler
 e - a +0 troll leather armour
 f - a +0 pair of boots
 h - a +1 pair of gloves (worn)
 k - a +2 pair of boots of stealth (worn)
 t - a +0 helmet (worn)
 u - a +2 cloak of preservation (worn)
 R - a +0 plate armour
 T - the +7 plate armour of Apathy (worn) {Harm +Inv rElec Dex-4}
   (Okawaru gifted it to you on level 1 of the Swamp)

   Dex-4:     It affects your dexterity (-4).
   rElec:     It insulates you from electricity.
   +Inv:      It lets you turn invisible.
   Harm:      It increases damage dealt and taken.
 W - a +0 kite shield (worn)
Jewellery
 l - a ring of ice
 o - a ring of positive energy
 r - a ring of see invisible (right hand)
 v - the brooch of Shielding (around neck) {Spirit SH+8}
   (You found it on level 5 of the Dungeon)

   [amulet of guardian spirit]

   Spirit:    It causes incoming damage to be divided between your reserves of
   health and magic.
   SH+8:      It affects your SH (+8).
 C - an amulet of reflection
 H - a +6 ring of strength (left hand)
 N - a ring of magical power
 O - an amulet of faith
 S - a ring of flight
Wands
 p - a wand of paralysis (18)
 z - a wand of roots (26)
 A - a wand of digging (8)
Scrolls
 d - 4 scrolls of fear
 x - a scroll of poison
 G - a scroll of enchant armour
 J - 2 scrolls of butterflies
 L - 3 scrolls of revelation
 P - a scroll of brand weapon
 Q - 2 scrolls of immolation
 U - 2 scrolls of blinking
 V - a scroll of identify
Potions
 g - 2 potions of brilliance
 i - 3 potions of curing
 j - a potion of heal wounds
 n - 3 potions of mutation
 q - a potion of enlightenment
 s - a potion of berserk rage
 B - 4 potions of haste
 D - 2 potions of might
 E - a potion of cancellation
 F - a potion of lignification
 K - 2 potions of attraction


   Skills:
 + Level 9.8(14.8) Fighting
 + Level 13.0(18.0) Long Blades
 + Level 0.5(5.5) Throwing
 + Level 8.7(13.7) Armour
 + Level 7.2(12.2) Dodging
 + Level 3.5(8.5) Stealth
 + Level 11.0(16.0) Shields
 + Level 1.0 Invocations


You had 12 spell levels left.
You didn't know any spells.
Your spell library contained the following spells:

 Spells                   Type           Power      Damage    Failure   Level
 Shock                    Conj/Air       0%         1d3       98%         1
 Lesser Beckoning         Tloc           0%         N/A       99%         2
 Mercury Vapours          Alch/Air       0%         N/A       99%         2
 Gell's Gravitas          Tloc           0%         N/A       100%        3
 Mephitic Cloud           Conj/Alch/Air  0%         N/A       100%        3
 Sigil of Binding         Hex            0%         N/A       100%        3
 Swiftness                Air            0%         N/A       100%        3
 Teleport Other           Tloc           0%         N/A       100%        3
 Airstrike                Air            0%         2d(0-16)  100%        4
 Dimensional Bullseye     Hex/Tloc       0%         N/A       100%        4
 Freezing Cloud           Conj/Ice/Air   0%         6-21      100%        5
 Call Canine Familiar     Summ           Unusable   N/A       N/A         3

Dungeon Overview and Level Annotations

Branches:
Dungeon (9/15)             Temple (1/1) D:4            Lair (3/5) D:9
  Swamp (2/4) Lair:3        Snake (1/4) Lair:3        Sewer (visited)
 Bailey (visited)
    Orc: D:9-12

Altars:
Ashenzari
Cheibriados
Dithmenos
Fedhas
Gozag
Hepliaklqana
Kikubaaqudgha
Makhleb
Nemelex Xobeh
Okawaru
Qazlal
Ru
Sif Muna
Trog
Uskayaw
Vehumet
Wu Jian
Xom
Yredelemnul

Shops:
D:4 :

Annotations:
Lair:2 2 transporters, Livid's ghost, journeyman DsFi
Lair:3 1 runed translucent door, soberseth's ghost, journeyman MfIE
Snake:1 Aizul


Innate Abilities, Weirdness & Mutations

You are completely covered in slimy green scales. (AC +4, rPois)
Your demonic aura sometimes causes spilled blood to erupt in flames.
When hurt, damage is shared between your health and your magic reserves.
You regenerate magic rapidly.
When low on magic, you restore magic in place of health.
You have a small tail.


Message History

The will-o-the-wisp gestures.
The will-o-the-wisp conjures some marshlight! 2 foxfires come into view.
The briar patch crumbles away. x7
The foxfire dissipates!
The thorn hunter fires a volley of thorns at you.
The volley of thorns misses you.
The spriggan rider hits you but does no damage.
You block the spriggan's attack. You block the spriggan rider's attack.
The foxfire hits you!
* * * LOW HITPOINT WARNING * * *
The spriggan rider is engulfed in a cloud of scalding steam.
The spriggan rider hits you but does no damage.
The spriggan druid calls out to the beasts of the wild!
As you read the scroll of teleportation, it crumbles to dust.
You feel strangely unstable.
You are engulfed in a cloud of scalding steam.
The trees move their gnarly branches around.
The foxfire hits you but does no damage.
The thorn hunter gestures.
Thorny briars emerge from the ground!
You block the spriggan rider's attack. The spriggan barely misses you.
The spriggan rider hits you from afar with a +0 spear.
The will-o-the-wisp blinks!
The spriggan rider is engulfed in a cloud of scalding steam.
The spriggan rider hits you but does no damage.
You slash the spriggan rider! You burn the spriggan rider.
The spriggan rider is moderately wounded.
The briar patch crumbles away.
The bunyip is engulfed in a cloud of scalding steam.
The bunyip barely misses you. You block the bunyip's attack.
The bunyip claws you but does no damage.
The thorn hunter gestures.
You are engulfed in a cloud of scalding steam.
You feel roots moving beneath the ground.
The briar patch crumbles away. x6
The spriggan rider attacks as it pursues you!
You block the spriggan rider's attack. x2
The spriggan rider hits you with a +0 hand axe.
You die...

♣.<..♣♣ ♣♣~♣♣♣.♣
♣♣ ♣P~ ♣.♣♣♣♣♣.♣
♣. ♣♣P
♣P♣♣.~>.♣~.~
♣PP~♣♣..~.~§..~~~
♣P~♣~~~~P..~P~~§
♣P..~PP~~~.PP~~~
♣P≈~.♣§§~♣.§.P~.
♣P~.)@i§~..~PP~~
♣P...§§~~~~~P..~
♣Pv~.iixf~♣~♣.~.
♣~>.i§ii~.~~~...
♣§.≈.~~~♣~....~~
♣....~.~~~n~P..~
♣...§.....~~♣~~.
♣..~§~.....~~~..
.~~~~..?....~. ~


You could see a thorn hunter, a bunyip, 3 spriggan riders, a spriggan druid, a
will-o-the-wisp and a spriggan.

Vanquished Creatures
  A bunyip (Swamp:1)
  2 hydras (Swamp:1)
  2 alligators (Swamp:1)
  A boulder beetle (D:7)
  A catoblepas (Lair:3)
  3 naga warriors (Snake:1)
  Urug (Lair:3)
  2 spriggan druids (Swamp:1)
  A bog body (Swamp:1)
  3 mana vipers
  Pikel (D:7)
  A cyclops (D:7)
  Maurice (D:9)
  An elephant (D:9)
  2 naga magi (Snake:1)
  A gargoyle (Bailey)
  A guardian serpent (Snake:1)
  Jeremiah (D:6)
  2 cane toads
  Maggie (D:7)
  2 rime drakes (Lair:3)
  2 komodo dragons
  Psyche (D:9)
  2 trolls
  A polar bear (Lair:3)
  5 tyrant leeches (Swamp:1)
  8 hornets
  5 blink frogs (Lair:3)
  17 yaks
  7 spriggans
  A vampire (Bailey)
  3 basilisks
  A wyvern (D:9)
  A steam dragon (D:7)
  Grum (D:8)
  5 vampire mosquitoes
  4 nagas
  7 swamp worms
  An acid dragon (D:8)
  7 water moccasins
  Duvessa (D:6)
  2 orc warriors
  3 black bears
  An ogre (D:6)
  10 wolves
  2 phantoms
  5 centaurs
  5 bullfrogs
  A gnoll sergeant (D:9)
  A scorpion (D:5)
  13 wights
  Dowan (D:6)
  5 killer bees (D:8)
  6 howler monkeys
  7 vampire bats (Bailey)
  An electric eel (Lair:3)
  5 wolf zombies (Bailey)
  A bombardier beetle (D:6)
  A jelly (D:5)
  3 hounds
  A gnoll bouda (D:8)
  6 orc priests
  Ijyb (D:3)
  Terence (D:3)
  A sleepcap (D:5)
  Natasha (thrice) (D:3)
  4 iguanas
  7 orc wizards
  Robin (D:2)
  7 adders
  15 gnolls
  A shadow imp (D:6)
  A white imp (D:5)
  2 ufetubi (D:6)
  3 ribbon worms
  26 orcs
  11 ball pythons
  A bat skeleton (D:2)
  10 endoplasms
  2 giant cockroaches
  20 goblins
  7 hobgoblins
  3 jackals (D:1)
  A quokka (D:4)
  6 bats
  3 frilled lizards
  10 kobolds
  19 orc zombies (Bailey)
  A quokka skeleton (D:2)
  3 rats
361 creatures vanquished.

Vanquished Creatures (others)
  A goliath frog (Swamp:1)
  2 bloated husks (Swamp:1)
  6 foxfires (Swamp:2)
9 creatures vanquished.

Grand Total: 370 creatures vanquished

Notes
Turn   | Place    | Note
-------+----------+-------------------------------------------
     0 | D:1      | Silvore the Demonspawn Fighter began the quest for the Orb.
     0 | D:1      | Reached XP level 1. HP: 18/18 MP: 1/1
    72 | D:1      | Reached skill level 2 in Long Blades
   101 | D:1      | Gained mutation: You regenerate magic rapidly. [demonic
                  | ancestry]
   101 | D:1      | Reached XP level 2. HP: 23/24 MP: 2/2
   776 | D:2      | Noticed Robin
   787 | D:2      | Gained mutation: You are partially covered in slimy green
                  | scales. (AC +2) [demonic ancestry]
   787 | D:2      | Reached XP level 3. HP: 29/29 MP: 3/3
   791 | D:2      | Killed Robin
  1269 | D:2      | Noticed an eye of devastation
  1271 | D:2      | Found a faded altar of an unknown god.
  1273 | D:2      | Noticed a great orb of eyes
  1273 | D:2      | Noticed an eye of devastation
  1273 | D:2      | Noticed a glass eye
  1656 | D:3      | Gained mutation: When hurt, damage is shared between your
                  | health and your magic reserves. [demonic ancestry]
  1656 | D:3      | Reached XP level 4. HP: 35/35 MP: 4/4
  1663 | D:3      | Reached skill level 3 in Long Blades
  2120 | D:3      | Noticed Natasha
  2125 | D:3      | Killed Natasha
  2152 | D:3      | Noticed Ijyb
  2161 | D:3      | Killed Ijyb
  2162 | D:3      | Reached XP level 5. HP: 37/41 MP: 5/5
  2346 | D:3      | Noticed Terence
  2353 | D:3      | Killed Terence
  2576 | D:3      | Noticed Natasha
  2584 | D:3      | Killed Natasha
  2769 | D:3      | Noticed Natasha
  2780 | D:3      | Killed Natasha
  2781 | D:3      | Reached skill level 4 in Long Blades
  2981 | D:4      | Found a staircase to the Ecumenical Temple.
  3003 | D:4      | Reached XP level 6. HP: 27/48 MP: 2/6
  3164 | D:4      | Found a blossoming altar of Fedhas.
  3294 | D:4      | Found a sparkling altar of Nemelex Xobeh.
  3346 | D:4      | Reached skill level 1 in Dodging
  3781 | D:4      | Found Xaipean's Vocational Training.
  3907 | D:4      | Found a hazy altar of Hepliaklqana.
  3961 | D:4      | Found an ornate altar of the Wu Jian Council.
  4112 | D:5      | Entered Level 5 of the Dungeon
  4156 | D:5      | Gained mutation: You are mostly covered in slimy green
                  | scales. (AC +3) [demonic ancestry]
  4156 | D:5      | Reached XP level 7. HP: 54/54 MP: 7/7
  4195 | D:5      | Noticed a vampire mosquito
  4220 | D:5      | Killed a vampire mosquito
  4738 | D:5      | Reached skill level 5 in Long Blades
  5056 | Temple   | Entered the Ecumenical Temple
  5061 | Temple   | Became a worshipper of Warmaster Okawaru
  5112 | D:5      | Found the brooch of Shielding {Spirit SH+8}
  5118 | D:5      | Reached skill level 1 in Stealth
  5125 | D:5      | Reached skill level 5 in Armour
  5148 | D:5      | Noticed a troll
  5162 | D:5      | Killed a troll
  5163 | D:5      | Gained mutation: You are completely covered in slimy green
                  | scales. (AC +4, rPois) [demonic ancestry]
  5163 | D:5      | Reached XP level 8. HP: 5/61 MP: 2/8
  5669 | D:5      | Found an opulent altar of Gozag.
  5934 | D:6      | Noticed Dowan
  5935 | D:6      | Noticed Duvessa
  5944 | D:6      | Killed Duvessa
  5962 | D:6      | Killed Dowan
  5981 | D:6      | Found a shimmering blue altar of Sif Muna.
  5997 | D:6      | Reached skill level 6 in Long Blades
  6007 | D:6      | Reached * piety under Okawaru
  6023 | D:6      | Found an ancient bone altar of Kikubaaqudgha.
  6087 | D:6      | Noticed Jeremiah
  6119 | D:6      | Killed Jeremiah
  6120 | D:6      | Reached skill level 5 in Shields
  6212 | D:6      | Gained mutation: You have a small tail. [demonic ancestry]
  6212 | D:6      | Reached XP level 9. HP: 67/67 MP: 9/9
  6264 | D:6      | Reached ** piety under Okawaru
  6368 | D:6      | Found a glowing drain.
  6385 | Sewer    | Entered a sewer
  6595 | Sewer    | Reached skill level 5 in Fighting
  6657 | Sewer    | Identified a scroll of acquirement
  6657 | Sewer    | Acquired a +0 vampiric double sword
  6937 | D:6      | Reached skill level 7 in Long Blades
  7465 | D:7      | Noticed Pikel
  7472 | D:7      | Noticed Maggie
  7491 | D:7      | Killed Pikel
  7498 | D:7      | Killed Maggie
  7500 | D:7      | Reached *** piety under Okawaru
  7634 | D:7      | Reached XP level 10. HP: 74/75 MP: 10/10
  7679 | D:7      | Noticed a boulder beetle
  7682 | D:7      | Noticed a cyclops
  7717 | D:7      | Killed a cyclops
  7718 | D:7      | Reached skill level 8 in Long Blades
  7781 | D:7      | Killed a boulder beetle
  7781 | D:7      | Reached **** piety under Okawaru
  8011 | D:7      | Reached skill level 9 in Long Blades
  8011 | D:7      | Reached skill level 5 in Dodging
  8011 | D:7      | Gained mutation: When low on magic, you restore magic in
                  | place of health. [demonic ancestry]
  8011 | D:7      | Reached XP level 11. HP: 84/84 MP: 11/11
  8082 | D:7      | Found a broken altar of Ashenzari.
  8082 | D:7      | Found a radiant altar of Vehumet.
  8088 | D:7      | Found a snail-covered altar of Cheibriados.
  8091 | D:7      | Found a burning altar of Makhleb.
  8098 | D:7      | Found a bloodstained altar of Trog.
  8248 | D:8      | Noticed Grum
  8284 | D:8      | Killed Grum
  8389 | D:8      | Found a flagged portal.
  8403 | Bailey   | Entered a bailey
  8764 | Bailey   | Identified the -2 pair of gloves "Ugameveh" {rF- Dex+5}
  8890 | D:8      | Found a sacrificial altar of Ru.
  8972 | D:8      | Reached ***** piety under Okawaru
  9387 | D:9      | Reached skill level 10 in Long Blades
  9546 | D:9      | Noticed Psyche
  9550 | D:9      | Paralysed by Psyche for 3 turns
  9556 | D:9      | Killed Psyche
  9617 | D:9      | Received a gift from Okawaru
  9638 | D:9      | Found a staircase to the Lair.
  9838 | D:9      | Gained mutation: Your demonic aura sometimes causes spilled
                  | blood to erupt in flames. [demonic ancestry]
  9838 | D:9      | Reached XP level 12. HP: 84/92 MP: 10/12
  9859 | D:9      | Noticed Maurice
  9863 | D:9      | Maurice stole a ring of positive energy
  9865 | D:9      | Killed Maurice
 10214 | Lair:1   | Entered Level 1 of the Lair of Beasts
 11262 | Lair:2   | Found a transporter.
 11284 | Lair:2   | Found a transporter.
 11291 | Lair:2   | Noticed Livid's ghost (journeyman DsFi)
 11291 | Lair:2   | Noticed a five-headed hydra
 11398 | Lair:2   | Reached skill level 11 in Long Blades
 12011 | Lair:3   | Reached skill level 10 in Shields
 12020 | Lair:3   | Noticed a catoblepas
 12046 | Lair:3   | Killed a catoblepas
 12046 | Lair:3   | Received a gift from Okawaru
 12292 | Lair:3   | Noticed Urug
 12305 | Lair:3   | Killed Urug
 12353 | Lair:3   | Found a runed translucent door.
 12400 | Lair:3   | Noticed soberseth's ghost (journeyman MfIE)
 12555 | Lair:3   | Found a staircase to the Snake Pit.
 12747 | Lair:3   | Found a staircase to the Swamp.
 13172 | Snake:1  | Entered Level 1 of the Snake Pit
 13268 | Snake:1  | Noticed a naga warrior
 13296 | Snake:1  | Killed a naga warrior
 13552 | Snake:1  | Noticed a naga warrior
 13561 | Snake:1  | Killed a naga warrior
 13662 | Snake:1  | Identified the serpent talisman of Infinity {rC- Will+
                  | Int+5}
 13662 | Snake:1  | Noticed Aizul
 13679 | Snake:1  | Noticed a naga warrior
 13689 | Snake:1  | Killed a naga warrior
 13781 | Snake:1  | Reached XP level 13. HP: 19/101 MP: 3/13
 14200 | Swamp:1  | Entered Level 1 of the Swamp
 14220 | Swamp:1  | Reached skill level 12 in Long Blades
 14232 | Swamp:1  | Reached ****** piety under Okawaru
 14240 | Swamp:1  | Acquired a +4 demon blade of flaming
 14240 | Swamp:1  | Received a gift from Okawaru
 14347 | Swamp:1  | Acquired the +7 plate armour of Apathy {Harm +Inv rElec
                  | Dex-4}
 14347 | Swamp:1  | Received a gift from Okawaru
 14410 | Swamp:1  | Received a gift from Okawaru
 15091 | Swamp:1  | Noticed a bunyip
 15106 | Swamp:1  | Killed a bunyip
 15247 | Swamp:1  | Reached skill level 1 in Invocations
 15744 | Swamp:2  | Reached skill level 13 in Long Blades
 15745 | Swamp:2  | Noticed a bunyip
 15748 | Swamp:2  | Noticed a thorn hunter
 15765 | Swamp:2  | HP: 5/103 [will-o-the-wisp/foxfire (12)]
 15768 | Swamp:2  | Slain by a spriggan rider

Illustrated notes

Levels and vault maps discovered:
D:1:      dpeg_arrival_long_road, layout_loops_ring, minmay_pentomino_w2
D:2:      layout_loops_ring, serial_undead, serial_undead_a, serial_undead_f,
          serial_undead_f, serial_undead_c,
          hellmonk_ecumenical_altar_watching_god, minivault_23, uniq_robin
D:3:      layout_loops_corners, uniq_ijyb, uniq_natasha, uniq_terence
D:4:      layout_basic, lemuel_tele_altar, marbit_many_paths,
          nemelex_diamond_rough_becter, nzn_hepliaklqana_mist_gate,
          minmay_temple_entry_from_below_a, nicolae_shop_vocational
D:5:      cheibrodos_two_vegetables, layout_loops_ring, general_overflow_altar,
          minmay_between
D:6:      layout_layer_cave, mainiacjoe_overflow_divided_tiny,
          portal_sewer_entry_a, uniq_duvessa, uniq_jeremiah
D:7:      minmay_blocky_corners, layout_basic,
          nicolae_overflow_hallway_of_the_gods, uniq_pikel, uniq_maggie
D:8:      layout_basic, nicolae_ru_sacrificial_ziggurat, enter_bailey_3,
          uniq_grum
D:9:      layout_loops_ring, mainiacjoe_overflow_small_starburst,
          david_lair_generic, uniq_maurice, uniq_psyche
Temple:   nicolae_temple_ecumenical_triangle
Lair:1:   layout_cave_pods
Lair:2:   layout_gridlike, gammafunk_ghost_berserking_beasts
Lair:3:   layout_small_grid, nicolae_swamp_entry_splash_gauntlet,
          nicolae_snake_entry_squirm, ebering_ghost_funeral_grove, uniq_urug
Swamp:1:  layout_basic_swamp, evilmike_swamp_ruin_house_5
Swamp:2:  layout_falls_marsh, nicolae_swamp_fairy_circle,
          nicolae_swamp_tree_isthmus
Snake:1:  layout_chambers, uniq_aizul, uniq_louise

Skill      XL: |  1  2  3  4  5  6  7  8  9 10 11 12 13 |
---------------+----------------------------------------+-----
Long Blades    | 2 3 4 5 6 7 9 10 11 13 | 13.0
Shields        | 3 4 5 7 8 9 10 11 | 11.0
Armour         | 3 4 5 7 8 |  8.7
Dodging        | 1 2 4 5 6 7 |  7.2
Fighting       | 4 5 7 9 |  9.8
Stealth        | 1 2 3 |  3.5
Invocations    | 1 |  1.0
Throwing       | |  0.5

Action                     |  1- 3 |  4- 6 |  7- 9 | 10-12 | 13-15 || total
---------------------------+-------+-------+-------+-------+-------++-------
  Melee: Long sword        |   117 |   126 |   264 |       |       ||   507
         Double sword      |       |       |    88 |   810 |    29 ||   927
         Tailslap          |       |       |    22 |   132 |    28 ||   182
         Demon blade       |       |       |       |       |   226 ||   226
  Throw: Javelin           |       |       |       |     7 |       ||     7
 Invoke: Heroism           |       |       |       |     1 |     2 ||     3
         Receive Weapon    |       |       |       |       |     1 ||     1
         Receive Armour    |       |       |       |       |     1 ||     1
    Use: Scroll            |     6 |     5 |     7 |    14 |     3 ||    35
         Potion            |       |       |     3 |     5 |     4 ||    12
   Stab: Sleeping          |       |       |       |     7 |       ||     7
         Petrified         |       |       |       |     1 |       ||     1
 Armour: Scale mail        |    98 |   127 |    91 |       |       ||   316
         Troll leather arm |       |       |   161 |   440 |       ||   601
         Plate armour      |       |       |       |    52 |   166 ||   218
  Dodge: Dodged            |    58 |    77 |   174 |   410 |    52 ||   771
  Block: Buckler           |    33 |    35 |   289 |   716 |   107 ||  1180
         Kite shield       |       |       |       |       |    37 ||    37
